 Dungeon Crawl Stone Soup version 0.21.1-1-g345015f (webtiles) character file.

378 shakethe the Skirmisher (level 6, -3/49 HPs)
             Began as a Demonspawn Fighter on Feb 21, 2018.
             Slain by an ogre
             ... wielding a +0 giant club
              (14 damage)
             ... on level 4 of the Dungeon.
             The game lasted 00:07:23 (3934 turns).

shakethe the Skirmisher (Demonspawn Fighter)        Turns: 3934, Time: 00:07:24

Health: -3/49      AC:  7    Str: 18    XL:     6   Next: 45%
Magic:  6/6        EV:  9    Int:  9    God:
Gold:   159        SH:  0    Dex: 13    Spells: 5/5 levels left

rFire    . . .     SeeInvis .     - Unarmed
rCold    . . .     Gourm    .   (no shield)
rNeg     . . .     Faith    +   b - +0 scale mail
rPois    .         Spirit   .   (helmet restricted)
rElec    .         Reflect  .   (no cloak)
rCorr    .         Harm     .   (no gloves)
MR       .....                  (no boots)
Stlth    ..........             q - amulet of faith {Faith, !P}
HPRegen  0.16/turn              o - ring of flight {+Fly, !d}
MPRegen  0.10/turn              (no ring)

@: no status effects
A: claws 2, horns 1, talons 1
a: Evoke Flight


You were on level 4 of the Dungeon.
You were not hungry.

You visited 1 branch of the dungeon, and saw 4 of its levels.

You collected 159 gold pieces.

Inventory:

Armour
 a - a +0 chain mail
   (You found it on level 2 of the Dungeon)
 b - a +0 scale mail (worn)
 c - a +0 shield
 t - a +0 plate armour
   (You found it on level 2 of the Dungeon)
Jewellery
 o - a ring of flight (left claw) {+Fly, !d}
   (You found it on level 2 of the Dungeon)
 q - an amulet of faith (around neck) {Faith, !P}
   (You found it on level 2 of the Dungeon)
Wands
 r - a wand of clouds (2)
   (You took it off a kobold on level 3 of the Dungeon)
Scrolls
 g - 3 scrolls of teleportation {unknown}
 k - 2 scrolls of blinking {unknown}
 l - a scroll of enchant armour {unknown}
 m - 3 scrolls of identify {unknown}
 u - a scroll of magic mapping {unknown}
 w - a scroll of fear {unknown}
 x - 3 scrolls of amnesia {unknown}
 y - 2 scrolls of remove curse {unknown}
Potions
 d - a potion of might
 e - 2 potions of magic {unknown}
 h - a potion of flight {unknown}
 j - a potion of mutation {unknown}
 n - 7 potions of curing {unknown}
 p - 3 potions of brilliance {unknown}
 s - a potion of cancellation {unknown}
 v - a potion of degeneration {unknown}
 z - 2 potions of haste
Comestibles
 f - 6 rations
 i - 4 chunks of flesh {@w0@w0}


   Skills:
 + Level 4.5 Fighting
   Level 2.0 Axes
 + Level 4.1 Armour
 - Level 2.6 Shields
 * Level 3.7 Unarmed Combat


You had 5 spell levels left.
You didn't know any spells.

Dungeon Overview and Level Annotations

Branches:
Dungeon (4/15)
 Temple: D:4-7

Altars:
Dithmenos
Gozag
Hepliaklqana
Kikubaaqudgha
Vehumet
Zin


Innate Abilities, Weirdness & Mutations

You have very sharp fingernails.
You have a pair of small horns on your head.
You have sharp toenails.


Message History

You now have 159 gold pieces (gained 23).
Things that are here:
a club; a hobgoblin corpse You butcher the hobgoblin corpse.
i - 2 chunks of flesh {@w0@w0} You see here a club. x2
Done exploring.
Done exploring.
Done exploring.
There is a stone staircase leading down here.
You climb downwards.
You hear the sound of rushing water.
There is an entrance to a sewer on this level.
Hurry and find it before the portal rusts away! 2 orcs and a skeleton come into view.
The orc shouts!
You hear a shout!
Found 17 bolts.
Found a stone staircase leading down.
There is a stone staircase leading up here.
You scratch the orc. You barely miss the orc. Your kick misses the orc.
The orc barely misses you.
An orc comes into view. It is wielding a flail.
You closely miss the orc. You claw the orc, but do no damage.
The orc moves out of view.
You scratch the adder skeleton. You headbutt the adder skeleton.
The orc hits you with a hand axe. The adder skeleton barely misses you.
You take 2 damage, and have 47/49 hp.
You scratch the orc. The orc hits you with a hand axe.
The adder skeleton bites you but does no damage.
You take 3 damage, and have 44/49 hp.
You barely miss the orc. The orc barely misses you.
The adder skeleton bites you but does no damage.
You scratch the orc.
You kill the orc!
The adder skeleton bites you.
You take 1 damage, and have 43/49 hp.
You claw the adder skeleton!
You destroy the adder skeleton!
You closely miss the orc. Your kick misses the orc.
The orc hits you but does no damage.
You claw the orc!
You kill the orc!
You scratch the orc but do no damage.
You kill the orc!
Things that are here:
a flail; a short sword; an orc corpse
There is a stone staircase leading up here.
You butcher the orc corpse.
i - 3 chunks of flesh {@w0@w0} (gained 1)
Things that are here:
a flail; a short sword
Things that are here:
a flail; a short sword
Things that are here:
a hand axe; a ring mail
Things that are here:
a flail; a short sword
n - 7 brown potions (gained 3)
z - 2 potions of haste (gained 1)
You see here 17 bolts.
You hear the slow rusting of a very distant drain.
You open the door.
A giant cockroach comes into view.
Health restored: 49 The giant cockroach bites you but does no damage.
There is an open door here.
You barely miss the giant cockroach. Your kick misses the giant cockroach.
The giant cockroach closely misses you.
You scratch the giant cockroach.
The giant cockroach bites you but does no damage.
You closely miss the giant cockroach.
The giant cockroach bites you but does no damage.
You scratch the giant cockroach.
You kill the giant cockroach!
An adder comes into view.
The adder hisses angrily.
You see here a giant cockroach corpse.
You closely miss the adder. You claw the adder. Your headbutt misses the adder.
The adder bites you but does no damage.
You closely miss the adder. You claw the adder.
The adder bites you but does no damage.
You barely miss the adder.
You kill the adder!
You open the door.
Found a glowing silver altar of Zin.
There is an open door here.
You butcher the giant cockroach corpse.
i - 4 chunks of flesh {@w0@w0} (gained 1)
Found a stone staircase leading down.
You hear the slow rusting of a distant drain.
An ogre comes into view. It is wielding a giant club.
The ogre shouts!
You barely miss the ogre. Your kick misses the ogre.
Your headbutt misses the ogre. The ogre hits you with a giant club!!
You take 19 damage, and have 30/49 hp.
MASSIVE DAMAGE!!
You scratch the ogre. You claw the ogre. The ogre hits you with a giant club!!
* * * LOW HITPOINT WARNING * * *
You take 19 damage, and have 11/49 hp.
MASSIVE DAMAGE!!
The ogre hits you with a giant club!
You die...

################
......O......... ####
##########@....(...
...# #.. ..#.#######.
##.# #.# #.#.# #.#
##.####.######.#.#....#
..........)..........>#
###'###..#.#.#.#.#....#
#...................#.#
#......8..#..#.#.#.## #
#........###.#.#.#.#


You could see an ogre.

Vanquished Creatures
  Grinder (D:3)
  Terence (D:2)
  7 adders
  An ooze (D:1)
  An adder skeleton (D:4)
  3 worms
  5 dart slugs
  A leopard gecko (D:1)
  9 orcs
  3 giant cockroaches
  6 goblins
  7 hobgoblins
  6 jackals
  8 kobolds
  A quokka (D:2)
  4 bats
  8 frilled lizards
  2 rats
74 creatures vanquished.

Notes
Turn   | Place    | Note
-------+----------+-------------------------------------------
     0 | D:1      | shakethe the Demonspawn Fighter began the quest for the Orb.
     0 | D:1      | Reached XP level 1. HP: 18/18 MP: 1/1
   155 | D:1      | HP: 4/18 [leopard gecko (3)]
   157 | D:1      | Reached skill level 2 in Axes
   409 | D:1      | Gained mutation: You have sharp fingernails. [demonic ancestry]
   409 | D:1      | Reached XP level 2. HP: 23/24 MP: 2/2
   744 | D:1      | Reached skill level 3 in Armour
  1056 | D:2      | Gained mutation: You have a pair of small horns on your head. [demonic ancestry]
  1056 | D:2      | Reached XP level 3. HP: 26/29 MP: 3/3
  1259 | D:2      | Found an opulent altar of Gozag.
  1288 | D:2      | Reached skill level 1 in Unarmed Combat
  1590 | D:2      | Found a faded altar of an unknown god.
  1766 | D:2      | Gained mutation: You have very sharp fingernails. [demonic ancestry]
  1766 | D:2      | Reached XP level 4. HP: 36/37 MP: 4/4
  1826 | D:2      | Found a shadowy altar of Dithmenos.
  1827 | D:2      | Found a radiant altar of Vehumet.
  1915 | D:2      | Noticed Terence
  1928 | D:2      | Killed Terence
  1931 | D:2      | Reached skill level 2 in Unarmed Combat
  2149 | D:2      | Found an ancient bone altar of Kikubaaqudgha.
  2150 | D:2      | Found a hazy altar of Hepliaklqana.
  2652 | D:3      | Gained mutation: You have sharp toenails. [demonic ancestry]
  2652 | D:3      | Reached XP level 5. HP: 38/42 MP: 5/5
  2668 | D:3      | Reached skill level 4 in Fighting
  2910 | D:3      | Noticed Grinder
  2926 | D:3      | Paralysed by Grinder for 5 turns
  2948 | D:3      | Killed Grinder
  2948 | D:3      | Reached skill level 4 in Armour
  2948 | D:3      | Reached skill level 3 in Unarmed Combat
  2948 | D:3      | Reached XP level 6. HP: 32/49 MP: 6/6
  3057 | D:3      | Found an opulent altar of Gozag.
  3904 | D:4      | Found a glowing silver altar of Zin.
  3933 | D:4      | HP: 11/49 [ogre/giant club (19)]
  3934 | D:4      | Slain by an ogre

Skill      XL: |  1  2  3  4  5 |
---------------+----------------+-----
Axes           | 2 |  2.0
Armour         | 3 4 |  4.1
Unarmed Combat | 1 2 3 |  3.7
Fighting       | 4 |  4.5
Shields        | |  2.6

Action                   |  1- 3 |  4- 6 || total
-------------------------+-------+-------++-------
Melee: War axe           |    89 |       ||    89
       Unarmed           |    47 |   132 ||   179
       Headbutt          |    12 |    13 ||    25
       Kick              |       |    10 ||    10
       Punch             |       |     1 ||     1
  Use: Potion            |       |     1 ||     1
  Eat: Chunk             |     3 |     4 ||     7
       Ration            |       |     1 ||     1
Armor: Scale mail        |    68 |    59 ||   127
Dodge: Dodged            |    58 |    59 ||   117
Block: Shield            |    53 |       ||    53

Vault maps used:
D:1:      evilmike_arrival_home_sweet_home, minmay_tromino_i4
D:2:      grunt_temple_overflow_open, grunt_gozag_statues,
          chequers_ecumenical_altar_simple, uniq_terence
D:3:      first_ration, lemuel_statue_altar, uniq_grinder
D:4:      zin_statuary, portal_sewer_entry_b, uniq_natasha

Table legend:
 A = Turns spent in this place as a percentage of turns spent in the entire game.
 B = Non-inter-level travel turns spent in this place as a percentage of non-inter-level travel turns spent in the entire game.
 C = Inter-level travel turns spent in this place as a percentage of turns spent in this place.
 D = Turns resting spent in this place as a percentage of non-inter-level travel turns spent in this place.
 E = Turns spent auto-exploring this place as a percentage of non-inter-level travel turns spent in this place.
 F = Non-inter-level travel turns spent in this place divided by the number of levels of this place that you've seen.
                   A       B       C       D       E      F
               +-------+-------+-------+-------+-------+----------------------
         Total | 100.0 | 100.0 |   1.7 |  31.4 |  45.6 | 966.8
       Dungeon | 100.0 | 100.0 |   1.7 |  31.4 |  45.6 | 966.8
               +-------+-------+-------+-------+-------+----------------------

Table legend:
 A = Kills in this place as a percentage of kills in entire the game.
 B = Kills by you in this place as a percentage of kills by you in the entire game.
 C = Kills by friends in this place as a percentage of kills by friends in the entire game.
 D = Other kills in this place as a percentage of other kills in the entire game.
 E = Experience gained in this place as a percentage of experience gained in the entire game.
 F = Experience gained in this place divided by the number of levels of this place that you have seen.
                   A       B       C       D       E      F
               +-------+-------+-------+-------+-------+----------------------
         Total | 100.0 | 100.0 |   N/A |   N/A | 100.0 | 135.0
       Dungeon | 100.0 | 100.0 |   N/A |   N/A | 100.0 | 135.0
               +-------+-------+-------+-------+-------+----------------------
